 Dungeon Crawl Stone Soup version 0.29.1-12-g30fa7ad0bf (webtiles) character file.

Game seed: 12918795608771524804

13899 LustLizard the Marksspriggan (level 11, -17/56 HPs)
             Began as a Spriggan Hunter on Dec 25, 2022.
             Was an Elder of Dithmenos.
             Shot with an arrow by a centaur warrior (20 damage)
             ... on level 13 of the Dungeon.
             The game lasted 00:20:32 (13228 turns).

LustLizard the Marksspriggan (Spriggan Hunter)     Turns: 13228, Time: 00:20:33

Health: -17/56     AC:  6    Str:  7    XL:     11   Next: 81%
Magic:  12/12      EV: 28    Int: 12    God:    Dithmenos [****..]
Gold:   755        SH:  0    Dex: 26    Spells: 8/10 levels left

rFire   . . .      SeeInvis +   c - +1 arbalest
rCold   + . .      Faith    .   (shield currently unavailable)
rNeg    . . .      Spirit   .   n - +1 robe "Neuvilede" {Dex+4}
rPois   .          Reflect  .   (helmet restricted)
rElec   .          Harm     .   j - +2 cloak
rCorr   +          Rampage  .   (gloves unavailable)
Will    +....                   (boots unavailable)
Stlth   ++++++++..              s - amulet of the acrobat
HPRegen 0.18/turn               w - ring of protection from cold
MPRegen 0.13/turn               B - ring of resist corrosion

@: wreathed by umbra, very quick
A: very small, no large weapons, unfitting armour, see invisible, speed 3
a: Renounce Religion, Shadow Step


You were on level 13 of the Dungeon.
You worshipped Dithmenos.
Dithmenos was greatly pleased with you.
You visited 2 branches of the dungeon, and saw 14 of its levels.

You collected 755 gold pieces.

Inventory:

Hand Weapons
 c - a +1 arbalest (weapon)
Armour
 d - a +2 robe of cold resistance
 j - a +2 cloak (worn)
 n - the +1 robe "Neuvilede" (worn) {Dex+4}
   (You took it off a hobgoblin on level 3 of the Dungeon)

   Dex:       It affects your dexterity (+4).
 E - a +2 robe of willpower
Jewellery
 a - a ring of protection from cold
 s - an amulet of the acrobat (around neck)
 w - a ring of protection from cold (left hand)
 B - a ring of resist corrosion (right hand)
 F - a ring of fire
 G - an amulet of guardian spirit
 J - a ring of protection from cold
Wands
 u - a wand of paralysis (11)
 y - a wand of roots (15)
Scrolls
 b - 4 scrolls of immolation
 e - a scroll of torment {unknown}
 g - 7 scrolls of teleportation
 l - a scroll of magic mapping {unknown}
 o - a scroll of brand weapon {unknown}
 r - 6 scrolls of blinking
 v - 2 scrolls of enchant weapon
 A - a scroll of noise {unknown}
 C - a scroll of enchant armour {unknown}
 I - 2 scrolls of amnesia
 L - a scroll of poison {unknown}
Potions
 f - 8 potions of curing
 h - 4 potions of heal wounds
 i - 3 potions of flight
 k - 2 potions of berserk rage
 m - 2 potions of might
 p - 2 potions of cancellation
 q - 2 potions of lignification {unknown}
 t - 2 potions of ambrosia
 x - 2 potions of invisibility
 z - 3 potions of brilliance
 D - 2 potions of haste {unknown}
 H - 2 potions of attraction {unknown}
 K - a potion of resistance {unknown}


   Skills:
 - Level 5.2 Fighting
 * Level 15.1 Ranged Weapons
 + Level 10.2 Dodging
 + Level 11.7 Stealth
 - Level 3.0 Translocations


You had 8 spell levels left.
You knew the following spells:

 Your Spells              Type           Power      Damage    Failure   Level
a - Blink                 Tloc           14%        N/A       14%         2

Your spell library contained the following spells:

 Spells                   Type           Power      Damage    Failure   Level
 Beastly Appendage        Tmut           0%         N/A       32%         1
 Foxfire                  Conj/Fire      0%         2x1d4     32%         1
 Static Discharge         Conj/Air       0%         3-3/arc   45%         2
 Wereblood                Tmut           0%         N/A       45%         2
 Conjure Flame            Conj/Fire      0%         6-21      69%         3
 Inner Flame              Hex/Fire       0%         N/A       69%         3
 Spider Form              Tmut/Pois      0%         N/A       69%         3
 Manifold Assault         Tloc           7%         N/A       95%         5
 Cause Fear               Hex            0%         N/A       97%         4
 Flame Wave               Conj/Fire      0%         2d4       97%         4
 Summon Lightning Spire   Summ/Air       0%         N/A       97%         4
 Lightning Bolt           Conj/Air       0%         1d11      100%        5
 Storm Form               Tmut/Air       0%         N/A       100%        7
 Discord                  Hex            0%         N/A       100%        8
 Maxwell's Capacitive Co  Air            0%         ∞         100%        8


Dungeon Overview and Level Annotations

Branches:
Dungeon (13/15)            Temple (1/1) D:4            Lair (0/5) D:9
    Orc (0/2) D:10
 Vaults: D:13-14

Altars:
Ashenzari
Cheibriados
Dithmenos
Elyvilon
Fedhas
Hepliaklqana
Makhleb
Nemelex Xobeh
Okawaru
Qazlal
Sif Muna
Trog
Uskayaw
Vehumet
Xom
Zin
The Shining One

Shops:
D:9 :

Annotations:
D:4 Pikel
D:6 exclusion: electric eel
D:11 exclusion: boulder beetle


Innate Abilities, Weirdness & Mutations

You are very small and have problems with some larger weapons.
You are too small for most types of armour.
You have supernaturally acute eyesight. (SInv)
You cover ground extremely quickly. (Speed+++)


Message History

You open the door.
There is an open door here.
A centaur warrior comes into view.
A centaur warrior is nearby!
You shoot a bolt. The bolt hits the centaur warrior!
The centaur warrior shouts!
The centaur warrior is lightly wounded.
The centaur warrior wields a +0 shortbow.
The centaur warrior shoots an arrow.
The arrow barely misses you.
You shoot a bolt. The bolt hits the centaur warrior!
The centaur warrior is moderately wounded.
You shoot a bolt. The bolt hits the centaur warrior!
The centaur warrior is moderately wounded.
The centaur warrior shoots an arrow.
The arrow misses you.
A cyclops comes into view.
You shoot a bolt. The bolt hits the cyclops!!
The cyclops is heavily wounded.
You shoot a bolt. The bolt hits the cyclops!!
You kill the cyclops!
Dithmenos accepts your kill.
The centaur warrior shoots an arrow.
The arrow completely misses you.
You shoot a bolt.
The bolt barely misses the centaur warrior.
The centaur warrior shoots an arrow.
The arrow hits you!
You shoot a bolt. The bolt hits the centaur warrior!
The centaur warrior is heavily wounded.
The centaur warrior shoots an arrow.
The arrow completely misses you.
The centaur warrior shoots an arrow.
The arrow hits you!
You are too injured to fight recklessly!
You are too injured to fight recklessly!
Unknown command.
Fire: c) +1 arbalest
Press: ? - help, Q - select action, (/) - cycle Shift-Dir - straight line, f/p - centaur warrior
Aim: a centaur warrior, wielding a +0 shortbow (heavily wounded, umbra, 76% to hit)
You shoot a bolt. The bolt hits the centaur warrior!
The centaur warrior is severely wounded.
The centaur warrior shoots an arrow.
The arrow hits you!!
* * * LOW HITPOINT WARNING * * *
The centaur warrior shoots an arrow.
The arrow hits you!!
You die...

.........# .......
......?.# #......
........# #......
.......# #.....#
#(c....# #.....#
+......# +.....#
#......# #.....#
#.@....#
###.....#######...^..#
.....................#
.........#'#####+##..#
##.......#........ ..#
#.......#........ .#
#.......#........ .
#.......######### ..
#..............


You could see a centaur warrior.

Vanquished Creatures
  A hydra (D:12)
  2 ugly things
  A manticore (D:12)
  4 cyclopes
  2 gargoyles
  2 unseen horrors
  Psyche (D:12)
  A troll (D:12)
  2 shadows (D:12)
  16 yaks
  Sigmund (D:4)
  A vampire (D:11)
  4 wyverns
  A wraith (D:12)
  3 steam dragons
  3 wargs (D:10)
  Menkaure (D:5)
  2 water moccasins
  An acid dragon (D:12)
  3 orc warriors
  A sky beast (D:7)
  An ice beast (D:7)
  2 black bears
  7 centaurs
  2 lemures (D:4)
  2 phantoms
  3 kobold brigands
  Blork the orc (D:4)
  5 bullfrogs
  2 necrophages
  4 scorpions
  10 wights
  6 killer bees (D:10)
  3 howler monkeys
  4 hounds
  3 orc priests
  A gnoll bouda (D:6)
  3 jellies
  5 iguanas
  8 orc wizards
  Robin (D:2)
  11 adders
  7 gnolls
  2 white imps
  An ufetubus (D:4)
  5 worms
  A dart slug (D:3)
  21 orcs
  9 ball pythons
  7 bats
  7 endoplasms
  17 goblins
  12 hobgoblins
  8 jackals (D:1)
  21 kobolds
  4 quokkas
  A frilled lizard (D:3)
  2 goblin skeletons (D:4)
  3 goblin zombies (D:4)
  3 hobgoblin zombies (D:4)
  3 kobold skeletons (D:4)
  3 kobold zombies (D:4)
  11 rats
285 creatures vanquished.

Notes
Turn   | Place    | Note
-------+----------+-------------------------------------------
     0 | D:1      | LustLizard the Spriggan Hunter began the quest for the Orb.
     0 | D:1      | Reached XP level 1. HP: 10/10 MP: 2/2
   105 | D:1      | Reached XP level 2. HP: 10/14 MP: 3/3
   873 | D:2      | Reached skill level 5 in Ranged Weapons
   906 | D:2      | Reached XP level 3. HP: 18/18 MP: 4/4
  1251 | D:2      | Reached XP level 4. HP: 22/22 MP: 5/5
  1255 | D:2      | Found a faded altar of an unknown god.
  1548 | D:2      | Noticed Robin
  1575 | D:2      | Killed Robin
  1579 | D:2      | Reached skill level 6 in Ranged Weapons
  1830 | D:3      | Reached XP level 5. HP: 25/25 MP: 6/6
  1862 | D:3      | Learned a level 2 spell: Blink
  1967 | D:3      | Identified the +1 robe "Neuvilede" {Dex+4}
  2002 | D:3      | Reached skill level 1 in Translocations
  2181 | D:3      | Found a shimmering blue altar of Sif Muna.
  2188 | D:3      | Found a white marble altar of Elyvilon.
  2188 | D:3      | Found a snail-covered altar of Cheibriados.
  2520 | D:4      | Found a staircase to the Ecumenical Temple.
  2533 | Temple   | Entered the Ecumenical Temple
  2576 | Temple   | Became a worshipper of Dithmenos the Shadowed
  2622 | D:4      | Noticed a black bear
  2645 | D:4      | Killed a black bear
  2646 | D:4      | Reached XP level 6. HP: 22/30 MP: 7/7
  2739 | D:4      | Reached skill level 7 in Ranged Weapons
  2793 | D:4      | Noticed Pikel
  3189 | D:4      | Found a glowing golden altar of the Shining One.
  3321 | D:4      | Reached skill level 8 in Ranged Weapons
  3612 | D:4      | Reached * piety under Dithmenos
  3620 | D:4      | Reached XP level 7. HP: 32/33 MP: 8/8
  3661 | D:4      | Noticed Blork the orc
  3667 | D:4      | Killed Blork the orc
  3683 | D:4      | Noticed Sigmund
  3700 | D:4      | Killed Sigmund
  3701 | D:4      | Reached skill level 9 in Ranged Weapons
  3900 | D:5      | Entered Level 5 of the Dungeon
  3956 | D:5      | Reached XP level 8. HP: 28/37 MP: 9/9
  4063 | D:5      | Reached skill level 10 in Ranged Weapons
  4892 | D:5      | Noticed Menkaure
  4903 | D:5      | Killed Menkaure
  4904 | D:5      | Reached skill level 11 in Ranged Weapons
  5380 | D:6      | Reached ** piety under Dithmenos
  5627 | D:6      | Found a sparkling altar of Nemelex Xobeh.
  5949 | D:6      | Reached XP level 9. HP: 31/43 MP: 10/10
  6919 | D:7      | Reached skill level 5 in Stealth
  7003 | D:7      | Reached skill level 12 in Ranged Weapons
  7003 | D:7      | Reached skill level 5 in Dodging
  7866 | D:8      | Reached *** piety under Dithmenos
  7991 | D:8      | Reached XP level 10. HP: 29/49 MP: 11/11
  8524 | D:9      | Found Pelov's Book Shop.
  8631 | D:9      | Found a staircase to the Lair.
  8700 | D:9      | Found a blossoming altar of Fedhas.
  9124 | D:9      | Reached skill level 13 in Ranged Weapons
  9950 | D:10     | Entered Level 10 of the Dungeon
 10439 | D:10     | Reached skill level 5 in Fighting
 10585 | D:10     | Noticed a green ugly thing
 10590 | D:10     | Killed a green ugly thing
 10591 | D:10     | Reached XP level 11. HP: 55/55 MP: 12/12
 10654 | D:10     | Reached **** piety under Dithmenos
 10716 | D:10     | Found a staircase to the Orcish Mines.
 10781 | D:10     | Found a broken altar of Ashenzari.
 11497 | D:11     | Noticed a boulder beetle
 11560 | D:11     | Reached skill level 14 in Ranged Weapons
 11794 | D:11     | Found a bloodstained altar of Trog.
 11935 | D:11     | Reached skill level 10 in Stealth
 12256 | D:12     | Noticed Psyche
 12263 | D:12     | Killed Psyche
 12569 | D:12     | Noticed a red ugly thing
 12573 | D:12     | Killed a red ugly thing
 12795 | D:12     | Noticed an eight-headed hydra
 12799 | D:12     | Killed an eight-headed hydra
 12859 | D:12     | Reached skill level 10 in Dodging
 13182 | D:13     | Reached skill level 15 in Ranged Weapons
 13220 | D:13     | Noticed a centaur warrior
 13228 | D:13     | Shot with an arrow by a centaur warrior

Illustrated notes

Levels and vault maps discovered:
D:1:      dpeg_arrival_round_a, layout_loops_ring
D:2:      layout_loops_ring, nicolae_ecumenical_snake_handling,
          kennysheep_generic_room_8, uniq_robin
D:3:      layout_loops_ring, chequers_temple_overflow_statue_of_worship
D:4:      layout_basic, nicolae_tso_besieged_by_evil, temple_fountains,
          uniq_sigmund, uniq_pikel, uniq_blork_the_orc
D:5:      layout_gridville, uniq_menkaure
D:6:      layout_loops_ring, nicolae_overflow_squiral
D:7:      layout_layer_cave
D:8:      layout_loops_ring
D:9:      layout_loops_corners, fedhas_bush_and_centaur_altar, lair_entry_dummy,
          serial_shops, shop, hangedman_decor_growths
D:10:     hellmonk_ruined_rings, layout_basic,
          mainiacjoe_overflow_small_starburst, minmay_orc_entry_guard_dogs
D:11:     layout_small_grid, tgw_trog
D:12:     hellmonk_crumbling_castle, layout_rooms, uniq_psyche
D:13:     layout_irregular_city, erik_vaults_1, uniq_josephine, uniq_jorgrun
Temple:   jpeg_temple_clearing

Skill      XL: |  1  2  3  4  5  6  7  8  9 10 11 |
---------------+----------------------------------+-----
Ranged Weapons | 5 6 8 9 11 12 13 15 | 15.1
Translocations | 3 |  3.0
Dodging        | 4 6 8 10 | 10.2
Stealth        | 3 7 9 11 | 11.7
Fighting       | 2 3 5 |  5.2

Action                   |  1- 3 |  4- 6 |  7- 9 | 10-12 || total
-------------------------+-------+-------+-------+-------++-------
 Fire: Shortbow          |    90 |   229 |   451 |       ||   770
       Arbalest          |       |       |       |   288 ||   288
  Use: Scroll            |       |     1 |    10 |     4 ||    15
Armor: Robe              |     8 |    16 |    25 |     8 ||    57
Dodge: Dodged            |    33 |    55 |   183 |   131 ||   402
